 Dungeon Crawl Stone Soup version 0.25-a0-87-ga3d287bc14 (webtiles) character file.

Game seed: 1499394167166288120, levelgen mode: deterministic

3136 Lanoc the Spear-Bearer (level 9, 0/70 HPs)
             Began as a Centaur Chaos Knight on Nov 10, 2019.
             Was a Plaything of Xom.
             Slain by an anaconda (8 damage)
             ... on level 8 of the Dungeon.
             The game lasted 00:14:59 (4563 turns).

Lanoc the Spear-Bearer (Centaur Chaos Knight)       Turns: 4563, Time: 00:14:59

Health: 0/70       AC: 11    Str: 15    XL:     9   Next: 61%
Magic:  9/9        EV:  9    Int: 13    God:    Xom [.*....]
Gold:   261        SH:  0    Dex: 15    Spells: 8/8 levels left

rFire    . . .     SeeInvis .   a - +0 spear (chaos)
rCold    . . .     Gourm    .   (no shield)
rNeg     . . .     Faith    .   k - +0 troll leather armour
rPois    +         Spirit   .   q - +0 helmet
rElec    .         Reflect  .   (no cloak)
rCorr    .         Harm     .   (no gloves)
MR       .....                  (no barding)
Stlth    +.........             m - amulet of regeneration
HPRegen  1.01/turn              E - +3 ring of dexterity
MPRegen  0.11/turn              G - ring of poison resistance

@: constricted, very quick
A: large, hooves 3, iridescent scales 1, slimy green scales 1, clever 1,
deformed body, speed 2, frail 1, sense surroundings 1, poison resistance, tough
skin 3
a: Renounce Religion


You were on level 8 of the Dungeon.
You worshipped Xom.
You were a plaything of Xom.
You were not hungry.

You visited 2 branches of the dungeon, and saw 9 of its levels.

You collected 261 gold pieces.

Inventory:

Hand Weapons
 a - a +0 spear of chaos (weapon)
 l - a +0 trident
Missiles
 h - 203 arrows
 y - 2 throwing nets (quivered)
Armour
 k - a +0 troll leather armour (worn)
 q - a +0 helmet (worn)
Jewellery
 m - an amulet of regeneration (around neck)
 E - a +3 ring of dexterity (left hand)
 G - a ring of poison resistance (right hand)
Wands
 o - a wand of polymorph (9)
 z - a wand of disintegration (11)
Scrolls
 b - a scroll of torment {unknown}
 e - 2 scrolls of immolation {unknown}
 g - 5 scrolls of remove curse
 i - 2 scrolls of magic mapping {unknown}
 n - a scroll of enchant armour {unknown}
 p - 3 scrolls of enchant weapon {unknown}
 s - a scroll of brand weapon {unknown}
 v - a scroll of identify
 w - a scroll of amnesia {unknown}
 x - 3 scrolls of blinking {unknown}
 B - a scroll of fog {unknown}
 D - a scroll of noise {unknown}
 F - a scroll of teleportation {unknown}
Potions
 d - a potion of lignification
 f - 3 potions of heal wounds
 j - a potion of might
 r - 3 potions of haste
 t - a potion of ambrosia
 A - a potion of flight {unknown}
Comestibles
 c - 11 rations
 C - 7 chunks of flesh


   Skills:
 + Level 6.7 Fighting
 * Level 8.4 Polearms
 + Level 4.7 Armour
 + Level 4.5 Dodging


You had 8 spell levels left.
You didn't know any spells.
Your spell library contained the following spells:

 Spells                   Type           Power        Failure   Level  Hunger
 Shock                    Conj/Air       #...         36%         1    ##.....
 Swiftness                Chrm/Air       #.......     50%         2    ###....
 Static Discharge         Conj/Air       #.......     73%         3    ####...
 Airstrike                Air            #.........   98%         4    #####..
 Lightning Bolt           Conj/Air       #.........   100%        5    ######.


Dungeon Overview and Level Annotations

Branches:
Dungeon (8/15)             Temple (1/1) D:5
   Lair: D:8-11

Altars:
Kikubaaqudgha
Makhleb
Okawaru
Uskayaw
Xom

Shops:
D:6 [

Annotations:
D:6 1 runed translucent door, Crazy Yiuf


Innate Abilities, Weirdness & Mutations

You have hooves in place of feet.
Armour fits poorly on your strangely shaped body.
You cover ground very quickly.
You have extremely tough skin. (AC +3)
You are partially covered in iridescent scales. (AC +2)
You are partially covered in slimy green scales. (AC +2)
Your mind is acute. (Int +2)
You are frail. (-10% HP)
You passively map a small area around you.
Your system is resistant to poisons. (rPois)


Message History

The anaconda constricts you.
You barely miss the anaconda. Your kick misses the anaconda.
The anaconda is severely wounded.
The anaconda bites you but does no damage.
The anaconda constricts you. The anaconda bites you.
* * * LOW HITPOINT WARNING * * *
x2 The anaconda constricts you.
Unknown command.
You hit the anaconda but do no damage. You kick the anaconda.
The anaconda is severely wounded.
The anaconda bites you.
* * * LOW HITPOINT WARNING * * *
x2 The anaconda constricts you.
Unknown command.
You hit the anaconda.
You kick the anaconda, but do no damage.
The anaconda is severely wounded.
The anaconda bites you!
You die...
Xom chuckles heartily!

...#...........#....#............
...#...........#....#............
####...........###'##..##...#####
.....#####.......#.##..#######...
.....#...'.......#......# #...
.....#...#.......#..5.).# #...
.....#...#.......#......# #...
.....#...#)......#......# #...
.....#...#......@#......# #...
.....#...#.......S5.....# #...
.....##..#.......###+#### #...
#§.#####...., , ###' ,
,#§.§(§..#.... #..
,,#§...§..#..... ,, , #.. ,
,#...?...#..... * #.. ,
#.......#...... ,,,* #.. ,,
##....###... ##.


You could see an anaconda and a friendly iron imp.

Vanquished Creatures
  A black mamba (shapeshifter) (D:8)
  A hippogriff (D:7)
  Grum (D:8)
  Edmund (D:5)
  An orc warrior (D:6)
  2 phantoms
  An ogre (D:4)
  3 wolves (D:8)
  3 centaurs
  A crocodile (D:8)
  3 bullfrogs (D:7)
  2 scorpions (D:4)
  3 killer bees (D:7)
  2 crimson imps (D:7)
  A bullfrog zombie (D:8)
  A hound (D:8)
  3 jellies
  A quasit (D:6)
  A centaur zombie (D:7)
  2 bullfrog skeletons
  2 orc priests (D:6)
  A gnoll shaman (D:8)
  5 orc wizards
  Jessica (D:2)
  3 worker ants
  A killer bee zombie (D:6)
  A hound skeleton (D:7)
  2 worker ant zombies
  Robin (D:2)
  5 gnolls
  7 adders
  2 dart slugs
  2 worms
  6 leopard geckos
  20 orcs
  7 bats
  5 giant cockroaches
  14 goblins
  10 hobgoblins
  7 jackals
  3 quokkas
  2 frilled lizards (D:2)
  A kobold (D:3)
  A quokka skeleton (D:4)
  9 rats
152 creatures vanquished.

Vanquished Creatures (collateral kills)
  An orc wizard (D:8)
  3 gnolls (D:8)
  An orc (D:6)
5 creatures vanquished.

Vanquished Creatures (others)
  2 killer bees (D:7)
2 creatures vanquished.

Grand Total: 159 creatures vanquished

Notes
Turn   | Place    | Note
-------+----------+-------------------------------------------
     0 | D:1      | Lanoc the Centaur Chaos Knight began the quest for the Orb.
     0 | D:1      | Reached XP level 1. HP: 19/19 MP: 1/1
    25 | D:1      | XOM: harmless Summ miscast
   144 | D:1      | Reached XP level 2. HP: 17/26 MP: 2/2
   147 | D:1      | Reached skill level 3 in Polearms
   247 | D:1      | Reached skill level 1 in Dodging
   358 | D:1      | XOM: silly message
   380 | D:2      | XOM: noise
   407 | D:2      | Noticed Robin
   427 | D:2      | Reached XP level 3. HP: 17/31 MP: 3/3
   505 | D:2      | XOM: scenery: create altars
   609 | D:2      | XOM: summons 1 hostile demon
   770 | D:2      | Killed Robin
   773 | D:2      | Noticed Jessica
   784 | D:2      | Killed Jessica
   784 | D:2      | Reached XP level 4. HP: 38/38 MP: 4/4
  1404 | D:3      | XOM: harmless Tloc miscast
  1442 | D:3      | XOM: divination: detect items
  1524 | D:4      | Reached skill level 4 in Polearms
  1524 | D:4      | Reached XP level 5. HP: 41/46 MP: 5/5
  1652 | D:4      | XOM: potion effect (might)
  1670 | D:4      | Noticed an ogre
  1672 | D:4      | XOM: fake destruction
  1686 | D:4      | Killed an ogre
  1686 | D:4      | Reached XP level 6. HP: 35/52 MP: 6/6
  1716 | D:4      | XOM: summons 6 friendly demons
  1854 | D:4      | XOM: harmless Air miscast
  1919 | D:5      | Entered Level 5 of the Dungeon
  1921 | D:5      | Found a burning altar of Makhleb.
  1958 | D:5      | Found a staircase to the Ecumenical Temple.
  1968 | Temple   | Entered the Ecumenical Temple
  2048 | D:5      | Reached skill level 5 in Polearms
  2064 | D:5      | XOM: cleaving
  2068 | D:5      | Reached XP level 7. HP: 46/60 MP: 7/7
  2078 | D:5      | Noticed Edmund
  2150 | D:5      | Killed Edmund
  2166 | D:5      | Found an iron altar of Okawaru.
  2245 | D:5      | XOM: give mutations
  2245 | D:5      | Gained mutation: You are frail. (-10% HP) [Xom's mischief]
  2245 | D:5      | Gained mutation: Your mind is acute. (Int +2) [Xom's
                  | mischief]
  2245 | D:5      | Lost mutation: You are frail. (-10% HP) [Xom's mischief]
  2245 | D:5      | Gained mutation: You are frail. (-10% HP) [Xom's mischief]
  2313 | D:5      | XOM: 5-stop teleportation journey
  2606 | D:6      | Found a runed translucent door.
  2607 | D:6      | Noticed Crazy Yiuf
  2658 | D:6      | XOM: summons friendly white imp
  2675 | D:6      | XOM: scenery: create altars
  2801 | D:6      | Reached skill level 5 in Fighting
  2875 | D:6      | Found an ancient bone altar of Kikubaaqudgha.
  2910 | D:6      | XOM: potion effect (might)
  2917 | D:6      | Reached skill level 6 in Polearms
  2917 | D:6      | Reached XP level 8. HP: 35/61 MP: 8/8
  3386 | D:6      | XOM: noise
  3540 | D:6      | Found Huejaw's Armour Emporium.
  3650 | D:7      | XOM: potion effect (invisibility)
  3670 | D:7      | XOM: give mutations
  3670 | D:7      | Gained mutation: You passively map a small area around you.
                  | [Xom's grace]
  3670 | D:7      | Gained mutation: You are partially covered in slimy green
                  | scales. (AC +2) [Xom's grace]
  3670 | D:7      | Gained mutation: Your system is resistant to poisons.
                  | (rPois) [Xom's grace]
  3670 | D:7      | Gained mutation: You are partially covered in iridescent
                  | scales. (AC +2) [Xom's grace]
  3703 | D:7      | Found a hide-covered altar of Uskayaw.
  3736 | D:7      | Noticed a hippogriff
  3755 | D:7      | Killed a hippogriff
  3828 | D:7      | XOM: severe Chrm miscast
  3828 | D:7      | Paralysed by the severe capriciousness of Xom for 6 turns
  3842 | D:7      | Reached skill level 7 in Polearms
  3883 | D:7      | XOM: harmless Necr miscast
  3888 | D:7      | XOM: repel stairs
  3889 | D:7      | XOM: mild Air miscast
  3890 | D:7      | XOM: divine lightning
  3918 | D:7      | Reached XP level 9. HP: 43/67 MP: 9/9
  3958 | D:7      | XOM: polymorph orc warrior -> worm
  4193 | D:8      | XOM: polymorph leopard gecko -> shapeshifter
  4193 | D:8      | Noticed a black mamba
  4193 | D:8      | a shapeshifter changed into a black mamba
  4211 | D:8      | XOM: cleaving
  4219 | D:8      | Killed a black mamba
  4224 | D:8      | Reached skill level 8 in Polearms
  4343 | D:8      | Noticed a two-headed ogre
  4347 | D:8      | XOM: mild Conj miscast
  4350 | D:8      | XOM: chaos upgrade
  4381 | D:8      | XOM: 1-stop teleportation journey
  4386 | D:8      | XOM: enchant monster (bad)
  4390 | D:8      | XOM: smoke on damage
  4401 | D:8      | XOM: harmless Hex miscast
  4414 | D:8      | Noticed Grum
  4420 | D:8      | XOM: blink monster(s)
  4440 | D:8      | Killed Grum
  4528 | D:8      | Noticed an anaconda
  4528 | D:8      | a two-headed ogre changed into an anaconda
  4529 | D:8      | XOM: summons 8 friendly demons
  4563 | D:8      | Slain by an anaconda

Levels and vault maps discovered:
D:1:      dpeg_arrival_radiant, layout_rooms
D:2:      layout_loops_ring, first_ration, uniq_robin, uniq_jessica
D:3:      layout_basic, serial_glass, glass_columns_a, glass_columns_b,
          minmay_misc_feat_tower
D:4:      layout_loops_cross, serial_glass, glass_columns_a, glass_columns_c
D:5:      layout_loops_ring, kennysheep_little_box, minmay_temple_entry_mist,
          lemuel_statue_altar, uniq_edmund
D:6:      layout_basic, serial_shops, shop, basic_altar, uniq_crazy_yiuf_cottage
D:7:      layout_rooms, basic_altar
D:8:      layout_gridville, uniq_grum
Temple:   kilobyte_greek_temple

Skill      XL: |  1  2  3  4  5  6  7  8  9 |
---------------+----------------------------+-----
Polearms       | 3 4 5 6 7 8 |  8.4
Dodging        | 1 2 3 4 |  4.5
Armour         | 2 3 4 |  4.7
Fighting       | 4 5 6 |  6.7

Action                   |  1- 3 |  4- 6 |  7- 9 || total
-------------------------+-------+-------+-------++-------
Melee: Spear             |   131 |   153 |   450 ||   734
       Kick              |    16 |    27 |    99 ||   142
  Use: Scroll            |       |     7 |       ||     7
       Potion            |       |       |     1 ||     1
 Stab: Paralysed         |     3 |       |     4 ||     7
       Distracted        |       |     1 |     1 ||     2
       Petrified         |       |       |    24 ||    24
       Petrifying        |       |       |     1 ||     1
       Invisible         |       |       |    12 ||    12
       Confused          |       |       |     1 ||     1
  Eat: Chunk             |       |     2 |     7 ||     9
Armor: Leather armour    |    15 |       |       ||    15
       Troll leather arm |    28 |    41 |   110 ||   179
Dodge: Dodged            |    54 |    33 |   160 ||   247

Table legend:
 A = Non-vault XP
 B = Vault XP
 C = Vault XP percentage of total XP
 D = Non-vault monster count
 E = Vault monster count
 F = Vault count percentage of total count
                 A         B        C        D         E       F
            +---------+---------+-------+---------+---------+-------
      Total |    3694 |     787 |  17.6 |     141 |      17 |  10.8
            +---------+---------+-------+---------+---------+-------
        D:1 |      32 |       0 |   0.0 |      19 |       0 |   0.0
        D:2 |      22 |      71 |  76.3 |      11 |      12 |  52.2
        D:3 |      56 |       0 |   0.0 |      17 |       0 |   0.0
        D:4 |     463 |       0 |   0.0 |      20 |       0 |   0.0
        D:5 |     219 |     171 |  43.8 |       5 |       1 |  16.7
        D:6 |     661 |       0 |   0.0 |      28 |       0 |   0.0
        D:7 |    1247 |       0 |   0.0 |      25 |       0 |   0.0
        D:8 |     994 |     545 |  35.4 |      16 |       4 |  20.0
            +---------+---------+-------+---------+---------+-------
